 Dungeon Crawl Stone Soup version 0.20.0-4-g10b340a (webtiles) character file.

15325 Baz the Arsonist (level 12, -1/97 HPs)
             Began as a Green Draconian Fire Elementalist on May 27, 2017.
             Was an Elder of Vehumet.
             Slain by a wolf (11 damage)
             ... on level 3 of the Lair of Beasts.
             The game lasted 00:50:16 (17459 turns).

Baz the Arsonist (DrFE)                            Turns: 17459, Time: 00:50:17

Health: -1/97      AC:  8    Str: 11    XL:     12   Next: 0%
Magic:  18/35      EV: 12    Int: 23    God:    Vehumet [****..]
Gold:   556        SH:  0    Dex: 13    Spells: 13/31 levels left

rFire    . . .     SeeInvis .   M - staff of earth
rCold    . . .     Gourm    +   (no shield)
rNeg     . . .     Faith    .   (armour unavailable)
rPois    +         Spirit   .   (helmet restricted)
rElec    .         Reflect  .   (no cloak)
rCorr    .         Harm     .   (no gloves)
MR       .....                  (no boots)
Stlth    ++........             u - amulet of the gourmand
Regen    0.3/turn               n - +4 ring of intelligence
MPRegen  0.3/turn               p - ring of magical power

@: no status effects
A: breathe noxious fumes, unfitting armour, poison resistance, cold-blooded, AC
+8
a: Breathe Noxious Fumes, Renounce Religion


You were on level 3 of the Lair of Beasts.
You worshipped Vehumet.
Vehumet was greatly pleased with you.
You were very full.

You visited 3 branches of the dungeon, and saw 15 of its levels.
You also visited: Labyrinth and Bailey.

You collected 688 gold pieces.
You spent 132 gold pieces at shops.

Inventory:

Missiles
 B - 3 throwing nets (quivered)
Armour
 W - a +0 shield
Magical Staves
 M - an uncursed staff of earth (weapon)
Jewellery
 n - a +4 ring of intelligence (left hand)
 p - a ring of magical power (right hand)
 u - an amulet of the gourmand (around neck)
 x - an uncursed ring of protection from fire {unknown}
 y - an uncursed amulet of magic regeneration {unknown}
 C - a +2 ring of strength {unknown}
 N - an uncursed amulet of magic regeneration {unknown}
Wands
 k - a wand of confusion (9/48)
 E - a wand of paralysis (10/24)
 F - a wand of flame (14/48)
 O - a wand of flame (14/48)
 R - a wand of disintegration (14/24)
Scrolls
 c - 2 scrolls of fear
 e - 2 scrolls of enchant weapon
 f - a scroll of magic mapping
 g - 2 scrolls of blinking {unknown}
 h - 3 scrolls of immolation {unknown}
 i - 8 scrolls of teleportation
 l - 8 scrolls of remove curse
 s - a scroll of enchant armour {unknown}
 w - a scroll of fog {unknown}
 A - a scroll of identify
 D - 2 scrolls of noise
 H - a scroll of silence {unknown}
 I - 2 scrolls of amnesia {unknown}
Potions
 j - 2 potions of heal wounds
 o - 2 potions of flight
 q - 2 potions of lignification
 t - 2 potions of brilliance
 v - 4 potions of curing
 z - a potion of might
 K - 2 potions of haste
 S - a potion of cancellation
Books
 a - a book of Flames

   Spells                             Type                      Level
   a - Flame Tongue                   Conjuration/Fire             1
   b - Throw Flame                    Conjuration/Fire             2
   c - Conjure Flame                  Conjuration/Fire             3
   d - Inner Flame                    Hexes/Fire                   3
   e - Sticky Flame                   Conjuration/Fire             4
   f - Fireball                       Conjuration/Fire             5
 m - a book of Conjurations

   Spells                             Type                      Level
   a - Magic Dart                     Conjuration                  1
   b - Searing Ray                    Conjuration                  2
   c - Dazzling Spray                 Conjuration/Hexes            3
   d - Fulminant Prism                Conjuration/Hexes            4
   e - Force Lance                    Conjuration/Translocation    4
   f - Iskenderun's Mystic Blast      Conjuration                  4
 J - a book of Beasts

   Spells                             Type                      Level
   a - Summon Butterflies             Summoning                    1
   b - Call Canine Familiar           Summoning                    3
   c - Summon Ice Beast               Ice/Summoning                4
   d - Summon Mana Viper              Hexes/Summoning              5
   e - Summon Hydra                   Summoning                    7
 L - a Young Poisoner's Handbook

   Spells                             Type                      Level
   a - Sting                          Conjuration/Poison           1
   b - Poisonous Vapours              Poison/Air                   2
   c - Mephitic Cloud                 Conjuration/Poison/Air       3
   d - Olgreb's Toxic Radiance        Poison                       4
   e - Venom Bolt                     Conjuration/Poison           5
 Q - a book of Frost

   Spells                             Type                      Level
   a - Freeze                         Ice                          1
   b - Throw Frost                    Conjuration/Ice              2
   c - Ozocubu's Armour               Charms/Ice                   3
   d - Throw Icicle                   Conjuration/Ice              4
   e - Summon Ice Beast               Ice/Summoning                4
 T - a book of Clouds

   Spells                             Type                      Level
   a - Poisonous Vapours              Poison/Air                   2
   b - Mephitic Cloud                 Conjuration/Poison/Air       3
   c - Conjure Flame                  Conjuration/Fire             3
   d - Freezing Cloud                 Conjuration/Ice/Air          6
   e - Ring of Flames                 Charms/Fire                  7
 U - a book of Enchantments

   Spells                             Type                      Level
   a - Cause Fear                     Hexes                        4
   b - Yara's Violent Unravelling     Hexes/Transmutation          5
   c - Silence                        Hexes/Air                    5
   d - Deflect Missiles               Charms/Air                   6
   e - Discord                        Hexes                        8
Miscellaneous
 P - a lamp of fire
Comestibles
 b - 5 bread rations
 d - 11 royal jellies
 r - 7 meat rations
 G - 6 fruits


   Skills:
 + Level 6.4 Fighting
 - Level 1.7 Dodging
 - Level 1.7 Stealth
 * Level 10.1 Spellcasting
 + Level 7.6 Conjurations
 - Level 13.0 Fire Magic
 + Level 2.5 Earth Magic


You had 13 spell levels left.
You knew the following spells:

 Your Spells              Type           Power        Failure   Level  Hunger
a - Flame Tongue          Conj/Fire      #####        1%          1    None
b - Conjure Flame         Conj/Fire      ######..     1%          3    None
c - Fireball              Conj/Fire      ######....   1%          5    ####...
d - Sticky Flame          Conj/Fire      ######..     1%          4    #......
e - Bolt of Magma         Conj/Fire/Erth ######....   1%          5    ####...


Dungeon Overview and Level Annotations

Branches:
Dungeon (11/15)            Temple (1/1) D:5            Lair (3/6) D:10
 Spider (0/4) Lair:3
  Swamp: Lair:2-4    Shoals: Lair:2-4       Orc: D:9-12

Altars:
Ashenzari
Cheibriados
Dithmenos
Elyvilon
Fedhas
Gozag
Hepliaklqana
Kikubaaqudgha
Makhleb
Nemelex Xobeh
Okawaru
Qazlal
Ru
Sif Muna
Trog
Uskayaw
Vehumet
Xom
Yredelemnul
Zin
The Shining One

Shops:
D:7 !

Annotations:
D:11 ThereIsNoGod's ghost, journeyman GrGl


Innate Abilities, Weirdness & Mutations

You can breathe blasts of noxious fumes.
Your lurid green scales are hard. (AC +8)
You cannot fit into any form of body armour.
Your system is resistant to poisons. (rPois)
You are cold-blooded and may be slowed by cold attacks.


Message History

You feel much better.
The wolf bites you. x2; The wolf bites you!
The wolf bites you.
Unknown command.
The wolf closely misses you. The wolf bites you!
* * * LOW HITPOINT WARNING * * *
The wolf bites you.
* * * LOW HITPOINT WARNING * * *
The wolf closely misses you.
You barely miss the wolf. The wolf bites you.
* * * LOW HITPOINT WARNING * * *
The wolf bites you.
* * * LOW HITPOINT WARNING * * *
The wolf bites you.
* * * LOW HITPOINT WARNING * * *
The wolf bites you.
* * * LOW HITPOINT WARNING * * *
The wolf barely misses you. The wolf bites you but does no damage.
The wolf bites you!
You die...

..####
......#..#.####
..............#
#.....#......#
#...........#
#######...#...##..##
##P..P#....##.##.#..#
............#.#h.#.##
.(........#...h@#..##
.......<.....>hhh...#
..#.###P...#..h.#..##
#...#.#.#.##.##
##.##.#.####..##
#...##...##...P# #"
#.............##
#..##..............#
#..#..............##


You could see 6 wolves.

Vanquished Creatures
  A minotaur (Lab)
  Fannar (Lair:2)
  4 two-headed ogres
  Sonja (Lair:2)
  Pikel (D:7)
  A cyclops (D:11)
  A black mamba (Lair:2)
  Joseph (D:8)
  A spiny frog (Lair:1)
  2 komodo dragons (Lair:1)
  A troll (D:9)
  A hippogriff (D:9)
  A vampire (D:10)
  3 wyverns
  8 yaks
  Eustachio (D:6)
  A human (D:6)
  2 hungry ghosts
  2 hogs (D:6)
  A steam dragon (Lair:2)
  4 water moccasins
  2 porcupines (Lair:1)
  A floating eye (shapeshifter) (D:10)
  4 sky beasts
  2 slaves (D:7)
  2 ice beasts
  4 ogres
  An orc warrior (D:9)
  2 black bears
  A phantom (D:9)
  9 wolves (Lair:3)
  4 centaurs
  A crocodile (Lair:1)
  A big kobold (D:10)
  5 bullfrogs
  A scorpion (D:9)
  8 killer bees
  2 crimson imps
  A bullfrog zombie (D:9)
  A centaur zombie (D:6)
  7 hounds
  A quasit (D:10)
  10 orc priests
  10 orc wizards
  A centaur skeleton (D:8)
  An iguana (D:6)
  7 worker ants
  A hound zombie (D:5)
  2 hound skeletons
  A worker ant zombie (D:8)
  A howler monkey zombie (D:6)
  15 adders
  3 shadow imps
  3 adder skeletons
  9 worms
  2 dart slugs
  6 leopard geckos
  49 orcs
  A ball python (D:3)
  17 bats
  11 giant cockroaches
  5 goblins
  11 hobgoblins
  19 jackals
  5 quokkas
  A ball python skeleton (D:4)
  3 frilled lizards
  A jackal skeleton (D:4)
  A jackal zombie (D:6)
  11 kobolds
  2 leopard gecko skeletons
  7 rats
  A plant (D:10)
316 creatures vanquished.

Vanquished Creatures (others)
  A centaur (D:7)
  A fungus (Lair:3)
2 creatures vanquished.

Grand Total: 318 creatures vanquished

Notes
Turn   | Place    | Note
-------+----------+-------------------------------------------
     0 | D:1      | Baz the Draconian Fire Elementalist began the quest for the Orb.
     0 | D:1      | Reached XP level 1. HP: 14/14 MP: 3/3
   448 | D:1      | Reached XP level 2. HP: 22/22 MP: 3/5
   931 | D:1      | Reached skill level 1 in Fighting
  1016 | D:1      | Reached XP level 3. HP: 7/28 MP: 1/6
  2365 | D:2      | Reached skill level 4 in Fire Magic
  2365 | D:2      | Reached XP level 4. HP: 36/36 MP: 4/7
  2418 | D:2      | Learned a level 3 spell: Conjure Flame
  2423 | D:2      | Learned a level 4 spell: Sticky Flame
  2788 | D:2      | Found a sparkling altar of Nemelex Xobeh.
  3467 | D:3      | Reached XP level 5. HP: 28/41 MP: 9/9
  3601 | D:3      | Reached skill level 5 in Fire Magic
  3608 | D:3      | Noticed an ogre
  3631 | D:3      | Killed an ogre
  3631 | D:3      | Reached XP level 6. HP: 48/48 MP: 6/11
  4217 | D:3      | Reached skill level 6 in Fire Magic
  4580 | D:4      | Found a shadowy altar of Dithmenos.
  4811 | D:4      | Your scales start taking on a lurid green colour.
  4811 | D:4      | Reached XP level 7. HP: 22/56 MP: 8/13
  4811 | D:4      | Gained mutation: Your system is resistant to poisons. (rPois) [Green Draconian growth]
  5221 | D:4      | Found an opulent altar of Gozag.
  5413 | D:5      | Entered Level 5 of the Dungeon
  5502 | D:5      | Reached skill level 7 in Fire Magic
  5778 | D:5      | Learned a level 5 spell: Fireball
  6580 | D:5      | Reached skill level 8 in Fire Magic
  6580 | D:5      | Reached XP level 8. HP: 66/66 MP: 14/14
  6622 | D:5      | Found a staircase to the Ecumenical Temple.
  6627 | Temple   | Entered the Ecumenical Temple
  6855 | Temple   | Became a worshipper of Vehumet
  7089 | D:6      | Noticed Eustachio
  7097 | D:6      | Killed Eustachio
  7642 | D:6      | Reached skill level 5 in Fighting
  7642 | D:6      | Reached skill level 9 in Fire Magic
  8026 | D:6      | Found a deep blue altar of Sif Muna.
  8426 | D:7      | Found a hazy altar of Hepliaklqana.
  8562 | D:7      | Found an ancient bone altar of Kikubaaqudgha.
  8607 | D:7      | Found Ceal's Distillery.
  8615 | D:7      | Bought a potion of heal wounds for 60 gold pieces
  8615 | D:7      | Bought 2 potions of curing for 72 gold pieces
  8640 | D:7      | Noticed Pikel
  8750 | D:7      | Killed Pikel
  8750 | D:7      | Reached XP level 9. HP: 71/75 MP: 8/15
  8900 | D:7      | Reached * piety under Vehumet
  8900 | D:7      | Offered knowledge of Sandblast by Vehumet.
  8976 | D:6      | Reached skill level 10 in Fire Magic
  9392 | D:6      | Reached skill level 5 in Spellcasting
  9794 | D:8      | Found a shattered altar of Ashenzari.
 10388 | D:8      | Noticed a two-headed ogre
 10393 | D:8      | Killed a two-headed ogre
 10393 | D:8      | Reached skill level 11 in Fire Magic
 10393 | D:8      | Reached XP level 10. HP: 40/83 MP: 17/19
 10407 | D:8      | Offered knowledge of Searing Ray by Vehumet.
 10613 | D:8      | Noticed Joseph
 10629 | D:8      | Killed Joseph
 10653 | D:8      | Reached ** piety under Vehumet
 10939 | D:9      | Found a flagged portal.
 10949 | D:9      | Reached skill level 5 in Conjurations
 11079 | Bailey   | Entered a bailey
 11432 | D:9      | Noticed a two-headed ogre
 11440 | D:9      | Killed a two-headed ogre
 11576 | D:9      | Reached skill level 12 in Fire Magic
 11820 | D:9      | Noticed a two-headed ogre
 11823 | D:9      | Offered knowledge of Ignite Poison by Vehumet.
 11842 | D:9      | Killed a two-headed ogre
 12104 | D:9      | Reached XP level 11. HP: 79/89 MP: 23/23
 12470 | D:9      | Found a glowing golden altar of the Shining One.
 12490 | D:9      | Reached *** piety under Vehumet
 12594 | D:10     | Entered Level 10 of the Dungeon
 13815 | D:10     | Noticed a two-headed ogre
 13831 | D:10     | Killed a two-headed ogre
 13929 | D:10     | Found a staircase to the Lair.
 14036 | D:10     | Offered knowledge of Static Discharge by Vehumet.
 14370 | D:11     | Noticed ThereIsNoGod's ghost (journeyman GrGl)
 14747 | Lair:1   | Entered Level 1 of the Lair of Beasts
 15013 | Lair:1   | Reached **** piety under Vehumet
 15657 | Lair:1   | Offered knowledge of Bolt of Magma by Vehumet.
 15667 | Lair:1   | Learned a level 5 spell: Bolt of Magma
 15771 | Lair:1   | You fall through a shaft!
 15771 | Lair:2   | Noticed Sonja
 15774 | Lair:2   | Killed Sonja
 15774 | Lair:2   | Reached skill level 13 in Fire Magic
 15846 | Lair:2   | Found a labyrinth entrance.
 15855 | Lab      | Entered a labyrinth
 16191 | Lab      | Noticed a minotaur
 16197 | Lab      | Killed a minotaur
 16197 | Lab      | Reached skill level 1 in Earth Magic
 16383 | Lair:2   | Noticed Fannar
 16388 | Lair:2   | Killed Fannar
 16826 | Lair:2   | Reached skill level 10 in Spellcasting
 17187 | Lair:3   | Found a hole to the Spider Nest.
 17432 | Lair:3   | Reached XP level 12. HP: 87/97 MP: 16/26
 17459 | Lair:3   | Slain by a wolf

Skill      XL: |  1  2  3  4  5  6  7  8  9 10 11 |
---------------+----------------------------------+-----
Fighting       | 1 2 4 5 6 |  6.4
Fire Magic     | 4 5 6 8 9 11 12 13 | 13.0
Spellcasting   | 3 4 6 8 10 | 10.1
Conjurations   | 2 4 6 7 |  7.6
Earth Magic    | 2 |  2.5
Dodging        | |  1.7
Stealth        | |  1.7

Action                   |  1- 3 |  4- 6 |  7- 9 | 10-12 || total
-------------------------+-------+-------+-------+-------++-------
Melee: Unarmed           |     2 |       |       |       ||     2
       Whip              |     8 |     1 |    98 |    54 ||   161
       Tailslap          |     1 |       |    11 |     6 ||    18
       Rapier            |       |       |     3 |       ||     3
       Staff             |       |       |       |     1 ||     1
 Cast: Flame Tongue      |    72 |   143 |   273 |   292 ||   780
       Conjure Flame     |       |     1 |     9 |    16 ||    26
       Sticky Flame      |       |     3 |     8 |    11 ||    22
       Fireball          |       |       |       |    20 ||    20
       Bolt of Magma     |       |       |       |    17 ||    17
 Abil: Breathe Noxious F |       |       |     4 |     4 ||     8
  Use: Scroll            |       |       |       |    14 ||    14
       Potion            |       |       |       |     3 ||     3
 Stab: Distracted        |       |       |     1 |       ||     1
  Eat: Chunk             |     5 |     7 |    19 |    42 ||    73
       Royal jelly       |       |       |     1 |       ||     1
Armor: Skin              |     9 |    27 |    48 |    68 ||   152
Dodge: Dodged            |    25 |    35 |   107 |   160 ||   327
